 Dungeon Crawl Stone Soup version 0.17.0-28-g6e173f8 (webtiles) character file.

426 dohliylev the Covert (level 6, 0/46 HPs)
             Began as a Vampire Assassin on Dec 1, 2015.
             Was a Follower of Dithmenos.
             Slain by a giant frog skeleton (2 damage)
             ... on level 5 of the Dungeon.
             The game lasted 00:21:30 (3353 turns).

dohliylev the Covert (Vampire Assassin)             Turns: 3353, Time: 00:21:30

Health: 0/46       AC:  3    Str: 14    XL:     6   Next: 64%
Magic:  6/6        EV:  8    Int: 14    God:    Dithmenos [*.....]
Gold:   198        SH:  8    Dex: 17    Spells: 0 memorised, 5 levels left

rFire  . . .     SeeInvis +     a - +2 dagger
rCold  . . .     Clarity  .     c - +0 robe
rNeg   + . .     SustAt   .     r - +0 shield
rPois  .         Gourm    .     (no helmet)
rElec  .         Spirit   .     d - +0 cloak
rCorr  .         Warding  .     (no gloves)
rMut   .         Stasis   .     (no boots)
MR     .....                    (no amulet)
Stlth  ++++++....               t - -3 ring of evasion (curse)
                                l - +4 ring of strength

@: wreathed by umbra, not resistant to hostile enchantments, very stealthy
A: fangs 3, see invisible, unbreathing
a: Bat Form, Renounce Religion


You were on level 5 of the Dungeon.
You worshipped Dithmenos.
Dithmenos was aware of your devotion.
You were not thirsty.

You visited 1 branch of the dungeon, and saw 5 of its levels.
You also visited: Sewer.

You collected 198 gold pieces.

Inventory:

Hand Weapons
 a - a +2 dagger (weapon)
 b - a +0 blowgun
 n - a cursed +0 short sword
Armour
 c - a +0 robe (worn)
 d - a +0 cloak (worn)
 r - a +0 shield (worn)
Jewellery
 l - a +4 ring of strength (left hand)
 t - a cursed -3 ring of evasion (right hand)
Scrolls
 i - 4 scrolls of magic mapping {unknown}
 k - a scroll of remove curse {unknown}
 m - 4 scrolls of enchant weapon {unknown}
 p - 2 scrolls of enchant armour {unknown}
 q - 4 scrolls of teleportation {unknown}
 s - 3 scrolls of fear
 v - a scroll of immolation {unknown}
 x - a scroll of recharging {unknown}
 y - a scroll of noise {unknown}
Potions
 f - 4 potions of brilliance {unknown}
 g - 24 potions of blood
 h - a potion of flight {unknown}
 j - a potion of haste {unknown}
 o - 2 potions of mutation {unknown}
 u - a potion of invisibility {unknown}
 w - a potion of curing {unknown}
 z - 4 potions of heal wounds {unknown}
 A - 2 potions of magic {unknown}
 B - 2 potions of poison {unknown}
 C - a potion of degeneration {unknown}
 D - a potion of agility {unknown}


   Skills:
 + Level 2.5 Fighting
 + Level 2.9 Short Blades
 + Level 2.3 Throwing
 + Level 3.1 Dodging
 + Level 9.7 Stealth
 + Level 1.3 Shields


You had 5 spell levels left.
You didn't know any spells.

Dungeon Overview and Level Annotations

Branches:
Dungeon (5/15)
 Temple: D:4-7

Altars:
Ashenzari
Dithmenos
Gozag
Kikubaaqudgha
Sif Muna
Yredelemnul

Shops:
D:4 =


Innate Abilities, Weirdness & Mutations

You have razor-sharp teeth.
You have supernaturally acute eyesight.
You can survive without breathing.


Message History

The sky beast barely misses you. The giant frog skeleton hits you.
You hit the sky beast.
You bite the sky beast, but do no damage.
The sky beast is moderately wounded.
The giant frog skeleton closely misses you.
The sky beast hits you. The sky beast shocks you.
You hit the sky beast but do no damage.
The sky beast is moderately wounded.
The giant frog skeleton hits you.
* * * LOW HITPOINT WARNING * * *
The sky beast hits you.
* * * LOW HITPOINT WARNING * * *
The sky beast shocks you.
* * * LOW HITPOINT WARNING * * *
The giant frog skeleton hits you.
* * * LOW HITPOINT WARNING * * *
You block the sky beast's attack.
There is an open door here.
The giant frog skeleton hits you.
You die...

#.....................
#...#.................
#...#.................
#..##.................
#..#......####'#
#..+......#....#
#..#..<...#....#
#..#......#....########
#..#.....@#.Y..##.....#
#..#......Z.....'.....#
#..#......#.....#.....#
#..#......#######.....#
#..#............#.....#
#..'............#######
#..#.............
##'#######......J #..#
.......


You could see a giant frog skeleton.

Vanquished Creatures
  An ogre (D:4)
  A scorpion (D:4)
  A hound (D:4)
  Crazy Yiuf (D:3)
  An orc wizard (D:4)
  A gnoll (D:1)
  5 adders
  2 river rats (Sewer)
  An ooze (D:2)
  5 worms
  7 giant geckos
  5 orcs
  6 bats
  6 giant cockroaches
  10 hobgoblins
  6 jackals (D:2)
  5 quokkas
  3 ball pythons
  13 giant newts
  7 goblins
  8 kobolds
  A quokka skeleton (D:4)
  10 rats
106 creatures vanquished.

Notes
Turn   | Place    | Note
--------------------------------------------------------------
     0 | D:1      | dohliylev the Vampire Assassin began the quest for the Orb.
     0 | D:1      | Reached XP level 1. HP: 16/16 MP: 1/1
    60 | D:1      | Reached skill level 6 in Stealth
    60 | D:1      | Reached XP level 2. HP: 22/22 MP: 2/2
   164 | D:1      | Found a shattered altar of Ashenzari.
   302 | D:1      | Reached XP level 3. HP: 22/27 MP: 3/3
   838 | D:2      | Reached skill level 7 in Stealth
   919 | D:2      | Found an opulent altar of Gozag.
  1004 | D:2      | Found an ancient bone altar of Kikubaaqudgha.
  1006 | D:2      | Found a shattered altar of Ashenzari.
  1009 | D:2      | Found a deep blue altar of Sif Muna.
  1094 | D:2      | Reached XP level 4. HP: 33/33 MP: 4/4
  1136 | D:2      | Found a basalt altar of Yredelemnul.
  1571 | D:3      | Found a faded altar to an unknown god.
  1942 | D:3      | Noticed Crazy Yiuf
  1984 | D:3      | Killed Crazy Yiuf
  1984 | D:3      | Reached skill level 8 in Stealth
  1984 | D:3      | Reached skill level 1 in Shields
  1984 | D:3      | Reached XP level 5. HP: 24/38 MP: 5/5
  2223 | D:3      | Found a shadowy altar of Dithmenos.
  2231 | D:3      | Became a worshipper of Dithmenos the Shadowed
  2529 | D:4      | Found a glowing drain.
  2621 | Sewer    | Entered a sewer
  2844 | Sewer    | Reached * piety under Dithmenos
  2932 | Sewer    | Reached XP level 6. HP: 45/45 MP: 6/6
  3033 | D:4      | Found Lufewn's Jewellery Emporium.
  3144 | D:4      | Reached skill level 9 in Stealth
  3177 | D:4      | Noticed an ogre
  3183 | D:4      | Killed an ogre
  3225 | D:5      | Entered Level 5 of the Dungeon
  3347 | D:5      | HP: 2/46 [sky beast (6)]
  3353 | D:5      | Slain by a giant frog skeleton

Action                   |  1- 3 |  4- 6 || total
-------------------------+-------+-------++-------
Melee: Dagger            |    87 |   136 ||   223
 Fire: Blowgun           |    23 |    33 ||    56
 Abil: End Transformatio |       |     1 ||     1
       Bat Form          |       |     1 ||     1
  Use: Potion            |     2 |     4 ||     6
       Scroll            |       |     1 ||     1
 Stab: Sleeping          |    10 |    39 ||    49
       Distracted        |     2 |       ||     2
  Eat: Corpse            |     1 |       ||     1
